 Dungeon Crawl Stone Soup version 0.28-a0-1365-g7e0445c96d (webtiles) character file.

Game seed: 3967631996178455050

4 Deminshera the Caller (level 1, -1/16 HPs)
             Began as an Ogre Summoner on Dec 31, 2021.
             Slain by a jackal (2 damage)
             ... on level 1 of the Dungeon.
             The game lasted 00:01:07 (672 turns).

Deminshera the Caller (Ogre Summoner)                Turns: 672, Time: 00:01:08

Health: -1/16      AC:  3    Str: 11    XL:     1   Next: 70%
Magic:  0/4        EV:  9    Int: 16    God:
Gold:   0          SH:  0    Dex:  9    Spells: 4/5 levels left

rFire   . . .      SeeInvis .   (no weapon)
rCold   . . .      Faith    .   (no shield)
rNeg    . . .      Spirit   .   a - +0 robe
rPois   .          Reflect  .   (helmet restricted)
rElec   .          Harm     .   (no cloak)
rCorr   .          Rampage  .   (gloves unavailable)
Will    .....                   (boots unavailable)
Stlth   ++........              (no amulet)
HPRegen 0.05/turn               (no ring)
MPRegen 0.09/turn               (no ring)

@: no status effects
A: large, unfitting armour, tough skin 1
a: no special abilities


You were on level 1 of the Dungeon.
You visited 1 branch of the dungeon, and saw 1 of its levels.

Inventory:

Armour
 a - a +0 robe (worn)
Scrolls
 b - a scroll of fog {unknown}


   Skills:
 - Level 1.7 Dodging
 * Level 1.6 Stealth
 + Level 2.5 Spellcasting
 + Level 3.6 Summonings


You had 4 spell levels left.
You knew the following spells:

 Your Spells              Type           Power      Damage    Failure   Level
a - Summon Small Mammal   Summ           52%        N/A       4%          1

Your spell library contained the following spells:

 Spells                   Type           Power      Damage    Failure   Level
 Call Imp                 Summ           13%        N/A       7%          2
 Call Canine Familiar     Summ           13%        N/A       13%         3
 Summon Guardian Golem    Hex/Summ       7%         N/A       28%         3
 Summon Lightning Spire   Summ/Air       7%         N/A       67%         4


Dungeon Overview and Level Annotations

Branches:
Dungeon (1/15)

Altars:


Innate Abilities, Weirdness & Mutations

You are too large for most types of armour.
You have tough skin. (AC +1)


Message History

The jackal bites your rat but does no damage.
Your bat hits the jackal. Your bat hits the endoplasm.
The jackal bites your rat.
Your rat dies!
Your rat's corpse disappears in a puff of smoke!
Your bat hits the jackal.
Your bat closely misses the jackal.
Your bat hits the endoplasm. x2
The endoplasm barely misses your bat.
Your bat misses the jackal. Something misses your bat.
The jackal barely misses you. The jackal bites you.
The jackal barely misses you.
The jackal bites you but does no damage.
Really walk into a travel-excluded area?
The jackal bites you. The jackal barely misses you.
The jackal bites you but does no damage.
Casting: Summon Small Mammal (safe; 4% risk of failure)
Confirm with . or Enter, or press ? or * to list all spells.
The jackal bites you but does no damage. x2
Your bat misses the jackal.
The jackal bites you but does no damage.
Casting: Summon Small Mammal (safe; 4% risk of failure)
Confirm with . or Enter, or press ? or * to list all spells.
Your bat barely misses the jackal.
The jackal bites your bat but does no damage.
The jackal bites you.
* * * LOW HITPOINT WARNING * * *
The jackal bites you but does no damage.
Your bat barely misses the jackal.
The jackal bites you but does no damage.
The jackal misses your bat.
Your bat closely misses the jackal.
The jackal bites your quokka.
You hit the jackal but do no damage.
Your bat hits the jackal but does no damage.
The jackal bites you.
* * * LOW HITPOINT WARNING * * *
Your quokka barely misses the jackal.
The jackal closely misses you. The jackal bites you.
You die...

#.#.#######.# #.#
#.#.# ##.####.#
#.#.### #.h.h..)#
#.....#########.###
###...#...........#
#####...........#
#...#..#§§#.#
#....hhh§≈§.+
#<...r@.§.8.#
#.....b..≈..+
#...#..#..#?#
#.........).#
#...........#
#########.### .# .


You could see 3 jackals, a friendly quokka (summoned) and a friendly bat
(summoned).

Vanquished Creatures
  A bat (D:1)
1 creature vanquished.

Vanquished Creatures (collateral kills)
  A bat (D:1)
  A jackal (D:1)
  A quokka (D:1)
3 creatures vanquished.

Grand Total: 4 creatures vanquished

Notes
Turn   | Place    | Note
-------+----------+-------------------------------------------
     0 | D:1      | Deminshera the Ogre Summoner began the quest for the Orb.
     0 | D:1      | Reached XP level 1. HP: 16/16 MP: 3/3
   672 | D:1      | Slain by a jackal

Illustrated notes

Levels and vault maps discovered:
D:1:      shiori_arrival_oz, layout_loops_ring, serial_shops, shop,
          nicolae_shop_bloodbath_and_beyond, nicolae_shop_statue_plus, shop,
          shapermc_ecumenical_altar_mp_vishouse

Action                   || total
-------------------------++-------
Melee: Unarmed           ||    23
 Cast: Summon Small Mamm ||     9
Armor: Robe              ||    28
Dodge: Dodged            ||    33

Table legend: (Time is in decaauts)
 A = Elapsed time spent in this place.
 B = Non-inter-level travel time spent in this place.
 C = Inter-level travel time spent in this place.
 D = Time resting spent in this place.
 E = Time spent auto-exploring this place.
 F = Levels seen in this place.
 G = Mean time per level.
                   A        B        C        D        E       F      G
               +--------+--------+--------+--------+--------+-----+--------+
         Total |    672 |    672 |      0 |    535 |     43 |   1 |  672.0 |
       Dungeon |    672 |    672 |      0 |    535 |     43 |   1 |  672.0 |
               +--------+--------+--------+--------+--------+-----+--------+

Top non-repeatable levels by time:
     D:1: 672 daAuts
